 Dungeon Crawl Stone Soup version 0.32-a0-886-g41c5271027 (webtiles) character file.

Game seed: 6809695482203867837

161979 iamserjio the Basher (level 17, -6/125 HPs)
             Began as an Octopode Wanderer on Apr 2, 2024.
             Mangled by a +0 scimitar of protection (21 damage)
             ... while paralysed by an air elemental
             ... on level 1 of the Elven Halls.
             The game lasted 01:36:56 (42982 turns).

iamserjio the Basher (Octopode Wanderer)           Turns: 42982, Time: 01:36:56

Health: -6/125     AC:  6    Str: 20    XL:     17   Next: 80%
Magic:  26/26      EV:  2    Int: 23    God:
Gold:   596        SH:  0    Dex: 19    Spells: 11/28 levels left

rFire   + . .        o - +1 eveningstar "Brilliance" {foul flame, Umbra}
rCold   + + +        K - +2 kite shield {rC+}
rNeg    + . .        A - +1 hat
rPois   .            P - amulet of Vitality {Regen++ RegenMP++}
rElec   .            L - +4 ring of protection
rCorr   .            i - ring of Xeagimn {rN+ Slay+2}
SInv    .            q - ring of willpower
Will    +++..        w - ring "Zaanoiq" {rC++ Will+ Dex+2}
Stlth   +++++        e - ring "Cocaw" {EV+5 Str+3}
HPRegen 2.00/turn    B - ring of protection from fire
MPRegen 1.00/turn    k - +6 ring of intelligence
                     b - +6 ring of strength

%: no passive effects
@: paralysed, maw-form, hasted, wreathed by umbra, studying 2 skills, invisible
A: devouring maw, almost no armour, amphibious, 8 rings, camouflage 1,
gelatinous body 1, (nimble swimmer 1), tentacles
a: Begin Untransformation


You were on level 1 of the Elven Halls.
You were a creature with a mouth for a stomach.
You visited 4 branches of the dungeon, and saw 25 of its levels.
You also visited: Sewer, Bailey and Volcano.

You collected 3799 gold pieces.
You spent 3203 gold pieces at shops.

Inventory:

Hand Weapons
 o - the +1 eveningstar "Brilliance" (weapon) {foul flame, Umbra}
   (You took it off a deep elf elementalist on level 3 of the Elven Halls)

   Umbra:     It surrounds you with an aura of shadow, increasing your stealth
   and reducing the accuracy of all others within it.
 H - a +0 antimagic flail
Missiles
 C - 4 curare-tipped darts (quivered)
 W - 4 throwing nets {!f}
Armour
 A - a +1 hat (worn)
 K - a +2 kite shield of cold resistance (worn)
Magical Staves
 Z - a staff of air
Jewellery
 b - a +6 ring of strength (on tentacle)
 e - the ring "Cocaw" (on tentacle) {EV+5 Str+3}
   (You found it on level 1 of the Elven Halls)

   [ring of evasion]

   EV+5:      It affects your evasion (+5).
   Str+3:     It affects your strength (+3).
 i - the ring of Xeagimn (right tentacle) {rN+ Slay+2}
   (You took it off a deep elf sorcerer on level 3 of the Elven Halls)

   [ring of positive energy]

   Slay+2:    It affects your accuracy & damage with ranged weapons and melee
   (+2).
   rN+:       It protects you from negative energy.
 k - a +6 ring of intelligence (on tentacle)
 q - a ring of willpower (on tentacle)
 t - the ring of Yesterday {rCorr MP+9}
   (You took it off a deep elf high priest on level 3 of the Elven Halls)

   [ring of resist corrosion]

   MP+9:      It affects your magic capacity (+9).
   rCorr:     It protects you from acid and corrosion.
 v - a ring of poison resistance
 w - the ring "Zaanoiq" (on tentacle) {rC++ Will+ Dex+2}
   (You found it on level 4 of the Lair of Beasts)

   [ring of willpower]

   Dex+2:     It affects your dexterity (+2).
   rC++:      It greatly protects you from cold.
   Will+:     It increases your willpower.
 B - a ring of protection from fire (on tentacle)
 I - a ring of flight
 L - a +4 ring of protection (left tentacle)
 P - the amulet of Vitality (around mantle) {Regen++ RegenMP++}
   (You found it on level 4 of the Lair of Beasts)

   [amulet of nothing]

   Regen++:   It increases your rate of health regeneration.
   RegenMP++: It increases your rate of magic regeneration.
Wands
 a - a wand of flame (31)
 l - a wand of polymorph (28)
 m - a wand of mindburst (10)
 x - a wand of light (3)
 E - a wand of paralysis (18)
 M - a wand of digging (3) {@v3}
 U - a wand of roots (11)
Scrolls
 c - a scroll of poison
 d - a scroll of blinking {@r4}
 f - 4 scrolls of teleportation {@r3}
 g - 3 scrolls of vulnerability
 n - 6 scrolls of enchant weapon
 u - 7 scrolls of fog
 y - a scroll of amnesia
 J - 3 scrolls of immolation
 S - a scroll of summoning
Potions
 h - 2 potions of degeneration
 j - 2 potions of magic
 p - 13 potions of curing {@q1}
 r - 6 potions of lignification
 s - 2 potions of resistance {@q5}
 z - 3 potions of haste {@q4}
 D - 6 potions of mutation
 F - 2 potions of cancellation
 N - a potion of ambrosia
 R - a potion of brilliance
 T - a potion of heal wounds {@q2}
 V - 4 potions of enlightenment
Miscellaneous
 Q - a tin of tremorstones (2/2)
 Y - a phantom mirror


   Skills:
 - Level 14.0 Fighting
 + Level 14.3 Maces & Flails
 - Level 1.0 Throwing
 - Level 11.0 Dodging
 - Level 2.6 Stealth
 - Level 14.0 Shields
 + Level 6.4 Spellcasting
 + Level 8.6 Summonings
 + Level 7.7 Translocations
 - Level 6.0 Ice Magic
 - Level 1.0 Air Magic
 - Level 5.0 Evocations
 - Level 10.0 Shapeshifting


You had 11 spell levels left.
You knew the following spells:

 Your Spells              Type           Power      Damage    Failure   Level
a - Lesser Beckoning      Tloc           84%        N/A       1%          2
b - Blink                 Tloc           84%        N/A       1%          2
c - Call Imp              Summ           94%        N/A       1%          2
d - Ozocubu's Armour      Ice            34%        N/A       3%          3
e - Summon Ice Beast      Ice/Summ       41%        N/A       1%          3
f - Summon Forest         Summ/Tloc      22%        N/A       13%         5

Your spell library contained the following spells:

 Spells                   Type           Power      Damage    Failure   Level
 Momentum Strike          Conj/Tloc      50%        3d9       4%          2
 Hailstorm                Conj/Ice       21%        3d7       12%         3
 Magic Dart               Conj           28%        1d4       13%         1
 Sandblast                Erth           14%        2d6       13%         1
 Slow                     Hex            28%        N/A       13%         1
 Mercury Vapours          Alch/Air       18%        N/A       16%         2
 Cigotuvi's Dreadful Rot  Necr/Alch/Air  16%        N/A       17%         2
 Jinxbite                 Hex            14%        N/A       21%         2
 Summon Blazeheart Golem  Fire/Summ      27%        N/A       22%         4
 Mephitic Cloud           Conj/Alch/Air  8%         N/A       34%         3
 Dazzling Flash           Conj/Hex       14%        N/A       36%         3
 Stone Arrow              Conj/Erth      14%        3d7       36%         3
 Brom's Barrelling Bould  Conj/Erth      7%         2d3       78%         4
 Flame Wave               Conj/Fire      7%         2d5       78%         4
 Ignite Poison            Fire/Alch      7%         N/A       78%         4
 Sticky Flame             Fire/Alch      7%         2d4       78%         4
 Silence                  Hex/Air        4%         N/A       96%         5
 Summon Hydra             Summ           23%        N/A       97%         7
 Curse of Agony           Necr           7%         N/A       98%         5
 Iskenderun's Battlesphe  Conj           7%         2d6       98%         5
 Permafrost Eruption      Ice/Erth       10%        2x4d3     99%         6
 Sculpt Simulacrum        Ice/Alch       10%        N/A       99%         6
 Bombard                  Conj/Erth      3%         9d1       100%        6
 Eringya's Noxious Bog    Alch           3%         4d6       100%        6
 Plasma Beam              Fire/Air       4%         2x1d14    100%        6
 Orb of Destruction       Conj           3%         9d5       100%        7
 Ozocubu's Refrigeration  Ice            17%        4d11      100%        7
 Spellforged Servitor     Conj/Summ      13%        N/A       100%        7
 Ignition                 Fire           3%         3d4       100%        8
 Polar Vortex             Ice            17%        12d2*     100%        9


Dungeon Overview and Level Annotations

Branches:
Dungeon (15/15)            Temple (0/1) D:6            Lair (5/5) D:9
 Shoals (0/4) Lair:2        Snake (0/4) Lair:2        Slime (0/5) Lair:4
    Orc (2/2) D:10            Elf (3/3) Orc:2        Vaults (0/5) D:14
 Depths (0/4) D:15          Sewer (visited)          Bailey (visited)
Volcano (visited)

Altars:
Dithmenos
Elyvilon
Kikubaaqudgha
Qazlal
Sif Muna
Wu Jian
Xom
Zin

Shops:
D:2 [   D:10 ?   Orc:2 ([!(*?   Elf:2 :   Elf:3 =:!

Annotations:
D:3 1 exclusion
D:13 1 runed translucent door, P0WERM0DE's ghost, journeyman CoCK
Elf:1 1 runed translucent door
Elf:2 5 runed translucent doors


Innate Abilities, Weirdness & Mutations

You are a creature with a mouth for a stomach.
Your midsection houses a second, enormous mouth.
You cannot wear most types of armour.
You are amphibious.
You can wear up to eight rings at the same time.
Your skin changes colour to match your surroundings (Stealth+).
Your rubbery body absorbs attacks. (AC +1, EV +1)
((You are camouflaged when in or above water. (Stealth+)))
You have tentacles for arms and can constrict up to eight enemies at once.


Message History

The deep elf archer blinks!
Okay, then.
As you read the scroll of teleportation {@r3}, it crumbles to dust.
You feel strangely unstable.
The deep elf zephyrmancer casts a spell.
The deep elf zephyrmancer blinks!
The deep elf archer casts a spell.
The deep elf archer blinks!
The deep elf archer gestures wildly while chanting.
The deep elf archer blinks!
The deep elf archer mumbles some strange words.
The deep elf archer blinks!
Your surroundings suddenly seem different.
A deep elf pyromancer, a +0 scimitar of protection and a deep elf zephyrmancer come into view.
The deep elf zephyrmancer is wielding a +1 long sword of protection.
Found a scroll of identify.
The deep elf pyromancer shouts!
Blink to where?
Press: ? - help, Dir - move target
As you read the scroll of blinking {@r4}, it crumbles to dust.
You feel yourself speed up.
You fade into invisibility!
The +0 scimitar of protection misses you.
Aiming: Dig
Press: ? - help, Shift-Dir - straight line A rock wall.
This square is wreathed by an umbra.
The rock shatters into small pieces.
The +0 scimitar of protection completely misses you.
The air elemental fires a burst of electricity at you.
The stunning burst misses the +0 scimitar of protection.
The stunning burst misses you.
The air elemental fires a burst of electricity at you.
The stunning burst hits the +0 scimitar of protection but does no damage.
The stunning burst hits you!
You suddenly lose the ability to move!
* * * LOW HITPOINT WARNING * * *
The +0 scimitar of protection hits you!!
* * * LOW HITPOINT WARNING * * *
The +0 scimitar of protection hits you!!
You die...

####...#
#.......# #.#
###'###
#.......###=#
#.....#
#.......'...#
#.....#
##.....####.####
#!....# ##...##
#...... #.....#
#.#.## #.#####
#.....# #.###
#.# ##'))####.#
#.# ##...###W#
#.# #⌠.<)⌠#(##
#.# ##...##..##
#.# ##'')##...#
#.# #.....#...#
#.# #.....#...#
#.# #..(..#...#
#.# #.....#...#
#.# #.....#e.?#
#.#


You could see a +0 scimitar of protection (unable to see you).

Vanquished Creatures
  2 deep elf master archers (Elf:3)
  A deep elf blademaster (Elf:3)
  Asterion (Elf:1)
  14 deep elf sorcerers
  3 deep elf elementalists
  7 deep elf annihilators
  5 deep elf demonologists (Elf:3)
  4 deep elf death magi (Elf:3)
  5 deep elf high priests
  2 hydras
  A vault guard (D:14)
  5 two-headed ogres
  An ogre mage (Orc:2)
  3 centaur warriors
  A sphinx zombie (D:15)
  10 dancing weapons
  2 boulder beetles
  An occultist (Elf:3)
  5 orc high priests
  A tengu warrior (D:14)
  Urug (D:10)
  A storm dragon zombie (D:15)
  7 deep elf knights
  A skyshark (Lair:5)
  2 skeletal warriors (D:15)
  7 deep elf archers
  A glowing orange brain (D:14)
  2 arcanists (D:14)
  6 orc knights
  Pikel (D:5)
  2 obsidian bats
  15 deep elf pyromancers
  9 deep elf zephyrmancers
  A harpy (Lair:2)
  A necromancer (D:15)
  A wolf spider (Lair:2)
  4 ugly things
  4 orc sorcerers
  7 cyclopes
  5 elephants
  A kobold blastminer (Orc:2)
  6 black mambas
  10 cane toads
  2 molten gargoyles (Volcano)
  A gargoyle (D:14)
  3 efreet
  7 komodo dragons
  5 large abominations (Elf:3)
  4 rime drakes
  An unseen horror (D:13)
  A kobold demonologist (D:8)
  A tengu conjurer (D:14)
  A freezing wraith (D:15)
  2 trolls
  3 polar bears
  Grinder (D:5)
  10 hornets
  11 blink frogs
  A blink frog (shapeshifter) (D:14)
  11 dream sheep (Lair:5)
  10 slime creatures
  23 spriggans
  An air elemental (Elf:2)
  2 water elementals
  3 shadows
  3 wyverns
  74 yaks
  A spriggan skeleton (D:15)
  2 wraiths (D:13)
  2 basilisks
  Grum (Bailey)
  4 hogs (D:9)
  A human (D:9)
  5 wargs
  3 fire elementals
  4 steam dragons
  6 vampire mosquitoes
  Edmund (D:5)
  6 small abominations (Elf:3)
  23 water moccasins
  Duvessa (D:4)
  An acid dragon (D:9)
  A sky beast (D:6)
  11 orc warriors
  9 black bears
  2 laughing skulls (D:14)
  37 wolves
  12 centaurs
  5 ogres
  6 boggarts
  2 phantoms
  11 kobold brigands
  A scorpion (D:9)
  A gnoll sergeant (Bailey)
  13 bullfrogs
  3 earth elementals
  5 wights
  9 killer bees
  4 howler monkeys
  2 bombardier beetles
  6 hounds
  A jelly (D:8)
  14 orc priests
  A sleepcap (D:7)
  Crazy Yiuf (D:6)
  5 iguanas
  20 orc wizards
  2 hell rats (Lair:3)
  7 adders
  7 gnolls (Bailey)
  12 river rats
  3 shadow imps
  2 white imps
  2 ufetubi (D:7)
  7 ribbon worms
  2 dart slugs
  52 orcs
  6 bats
  6 endoplasms
  3 giant cockroaches
  7 goblins
  6 hobgoblins
  8 jackals
  48 kobolds
  9 quokkas
  12 ball pythons
  7 frilled lizards
  6 kobold skeletons (D:8)
  11 kobold zombies (D:8)
  A nameless horror (D:7)
  19 rats
  A spectral weapon (Orc:2)
839 creatures vanquished.

Vanquished Creatures (collateral kills)
  A deep elf elementalist (Elf:3)
  2 deep elf annihilators (Elf:3)
  A deep elf death mage (Elf:3)
  A hydra (Lair:4)
  A two-headed ogre (D:12)
  A flayed ghost (D:15)
  A deep elf pyromancer (Elf:1)
  A harpy (Lair:2)
  A lindwurm (Lair:4)
  2 deep elf zephyrmancers (Elf:1)
  A cyclops (D:13)
  An ugly thing (D:14)
  4 elephants (Lair:5)
  2 black mambas (Lair:2)
  A molten gargoyle (Volcano)
  A cane toad (Lair:5)
  2 gargoyles
  Maggie (D:6)
  A rime drake (Lair:5)
  A komodo dragon (D:9)
  Psyche (D:12)
  3 trolls
  3 blink frogs
  A dream sheep (Lair:5)
  2 slime creatures (D:15)
  8 yaks
  A wyvern (Lair:3)
  2 spriggans
  A shadow (D:12)
  Eustachio (D:6)
  2 fire elementals (Volcano)
  3 wargs
  A vampire mosquito (D:12)
  7 water moccasins
  3 orc warriors
  An ice beast (D:5)
  6 wolves
  4 ogres
  A phantom (D:5)
  A kobold brigand (D:8)
  A nameless horror (D:10)
  3 bullfrogs
  4 gnoll sergeants (Bailey)
  A wight (D:9)
  Dowan (D:4)
  6 jellies
  4 orc priests
  A hound (Bailey)
  7 gnoll boudas
  An iguana (D:6)
  3 orc wizards
  9 gnolls
  3 adders
  6 river rats
  2 shadow imps
  An ufetubus (D:7)
  22 orcs
  4 endoplasms (Lair:4)
  4 jackals (D:4)
  18 kobolds
  A kobold zombie (D:8)
  10 rats
191 creatures vanquished.

Vanquished Creatures (others)
  Erolcha (Orc:2)
  A deep elf knight (Elf:1)
  2 deep elf archers (Elf:1)
  2 orc wizards
6 creatures vanquished.

Grand Total: 1036 creatures vanquished

Notes
Turn   | Place    | Note
-------+----------+-------------------------------------------
     0 | D:1      | iamserjio the Octopode Wanderer began the quest for the
                  | Orb.
     0 | D:1      | iamserjio set off with the following items: a +0 dagger, a
                  | potion of attraction, a +0 hat; and the following spell
                  | memorised: Slow; and the following spells available to
                  | memorise: Mercury Vapours, Cigotuvi's Dreadful Rot,
                  | Jinxbite, Lesser Beckoning, Ozocubu's Armour.
     0 | D:1      | Reached XP level 1. HP: 11/11 MP: 4/4
    63 | D:1      | Reached skill level 1 in Fighting
    75 | D:1      | Reached XP level 2. HP: 18/18 MP: 6/6
   376 | D:1      | Reached XP level 3. HP: 21/24 MP: 7/7
   681 | D:1      | Found a faded altar of an unknown god.
   968 | D:2      | Reached XP level 4. HP: 30/30 MP: 8/8
  1116 | D:2      | Found Etaobbit's Armour Emporium.
  1145 | D:2      | You fall into a shaft and drop 1 floor!
  1694 | D:3      | Learned a level 2 spell: Blink
  1697 | D:3      | Learned a level 2 spell: Call Imp
  2107 | D:3      | Learned a level 3 spell: Ozocubu's Armour
  2341 | D:4      | Reached skill level 1 in Summonings
  2341 | D:4      | Reached XP level 5. HP: 36/36 MP: 9/9
  2415 | D:4      | Noticed Duvessa
  2790 | D:4      | Reached skill level 1 in Ice Magic
  2795 | D:4      | Reached XP level 6. HP: 41/42 MP: 10/10
  2948 | D:4      | Noticed Ijyb
  2950 | D:4      | Ijyb changed into Ijyb the killer bee
  2950 | D:4      | Noticed Ijyb
  2955 | D:4      | Killed Ijyb the killer bee
  3165 | D:4      | Noticed Dowan
  3196 | D:4      | Reached XP level 7. HP: 46/46 MP: 11/11
  3200 | D:4      | Learned a level 3 spell: Summon Ice Beast
  3245 | D:5      | Entered Level 5 of the Dungeon
  3323 | D:5      | Noticed Grinder
  3340 | D:5      | Killed Grinder
  3387 | D:5      | Found a glowing drain.
  3395 | Sewer    | Entered a sewer
  3710 | Sewer    | Reached skill level 5 in Summonings
  3769 | Sewer    | Reached skill level 5 in Ice Magic
  3769 | Sewer    | Reached XP level 8. HP: 52/52 MP: 7/12
  4318 | D:5      | Reached skill level 1 in Evocations
  4777 | D:5      | Noticed Pikel
  5303 | D:5      | Killed Pikel
  5304 | D:5      | Reached XP level 9. HP: 62/62 MP: 5/13
  5918 | D:5      | Noticed Edmund
  5959 | D:5      | Reached skill level 5 in Dodging
  6261 | D:5      | Killed Edmund
  6617 | D:4      | Killed Duvessa
  6630 | D:4      | Killed Dowan
  6919 | D:2      | Bought a +0 kite shield of cold resistance for 126 gold
                  | pieces
  7016 | D:6      | Reached skill level 1 in Shields
  7411 | D:6      | Noticed Maggie
  7428 | D:6      | Killed Maggie
  7644 | D:6      | Found a staircase to the Ecumenical Temple.
  7779 | D:6      | Noticed Eustachio
  7797 | D:6      | Killed Eustachio
  7798 | D:6      | Reached XP level 10. HP: 67/72 MP: 14/14
  7999 | D:6      | Found a runed translucent door.
  8000 | D:6      | Noticed Crazy Yiuf
  8340 | D:6      | Reached skill level 5 in Shields
  8797 | D:6      | Killed Crazy Yiuf
  8954 | D:7      | Found a shimmering altar of Xom.
  9222 | D:7      | Found a flagged portal.
  9236 | Bailey   | Entered a bailey
 10097 | Bailey   | Identified the +9 great mace "Spiderslayer" {antimagic,
                  | ^Contam rF++ rC+ rN+}
 10097 | Bailey   | Noticed Grum
 10111 | Bailey   | Killed Grum
 10749 | D:7      | Reached skill level 1 in Maces & Flails
 10749 | D:7      | Reached XP level 11. HP: 44/77 MP: 15/15
 10891 | D:7      | Found a shimmering blue altar of Sif Muna.
 11154 | D:8      | Found a glowing silver altar of Zin.
 11167 | D:8      | Found a white marble altar of Elyvilon.
 11744 | D:8      | Found an ancient bone altar of Kikubaaqudgha.
 12691 | D:9      | Noticed a two-headed ogre
 12700 | D:9      | Killed a two-headed ogre
 12722 | D:9      | Reached skill level 5 in Maces & Flails
 12863 | D:9      | Found a staircase to the Lair.
 13103 | D:9      | Reached skill level 5 in Evocations
 13179 | D:9      | Found a stormy altar of Qazlal.
 13424 | D:9      | Found an ornate altar of the Wu Jian Council.
 13450 | D:9      | Identified the +1 ring mail of Xaolan {Harm rCorr Str+3}
 13625 | D:10     | Entered Level 10 of the Dungeon
 13801 | D:10     | Found a staircase to the Orcish Mines.
 14079 | D:10     | Noticed a two-headed ogre
 14087 | D:10     | Killed a two-headed ogre
 14165 | D:10     | Reached XP level 12. HP: 82/82 MP: 13/16
 14365 | D:10     | Noticed a two-headed ogre
 14376 | D:10     | Killed a two-headed ogre
 14813 | D:10     | Found Zuadwir's Magic Scroll Shop.
 14820 | D:10     | Bought a scroll of teleportation for 42 gold pieces
 14820 | D:10     | Bought a scroll of poison for 56 gold pieces
 14820 | D:10     | Bought a scroll of immolation for 56 gold pieces
 14820 | D:10     | Bought a scroll of enchant weapon for 105 gold pieces
 14820 | D:10     | Bought a scroll of poison for 56 gold pieces
 14830 | D:10     | Noticed Urug
 14843 | D:10     | Killed Urug
 15371 | D:11     | Reached skill level 10 in Maces & Flails
 16797 | D:12     | Noticed Psyche
 17037 | D:12     | Noticed a two-headed ogre
 17103 | D:10     | Bought a scroll of identify for 28 gold pieces
 17103 | D:10     | Bought a scroll of identify for 28 gold pieces
 17103 | D:10     | Bought a scroll of revelation for 105 gold pieces
 17172 | Lair:1   | Entered Level 1 of the Lair of Beasts
 17227 | Lair:1   | Found a dark tunnel.
 17239 | Volcano  | Entered a volcano
 17239 | Volcano  | Found a shimmering blue altar of Sif Muna.
 18913 | Lair:1   | Reached XP level 13. HP: 44/88 MP: 15/17
 20622 | Lair:2   | Found a staircase to the Shoals.
 20824 | Lair:2   | Found a staircase to the Snake Pit.
 21601 | Lair:2   | Found a staircase to the Snake Pit.
 21826 | Lair:2   | Found a staircase to the Shoals.
 22454 | Lair:3   | Reached skill level 10 in Fighting
 22519 | Lair:3   | Reached skill level 10 in Shields
 23255 | Lair:3   | Reached XP level 14. HP: 97/99 MP: 18/18
 23489 | Lair:4   | Found a staircase to the Slime Pits.
 23623 | Lair:4   | Identified the ring "Zaanoiq" {rC++ Will+ Dex+2}
 24596 | Lair:4   | Found the amulet of Vitality {Regen++ RegenMP++}
 25159 | Lair:5   | Entered Level 5 of the Lair of Beasts
 26552 | Lair:5   | Reached XP level 15. HP: 110/110 MP: 19/19
 26828 | Lair:5   | Reached skill level 1 in Shapeshifting
 28149 | Lair:5   | Learned a level 2 spell: Lesser Beckoning
 28330 | D:12     | Reached skill level 1 in Translocations
 28713 | D:12     | Killed Psyche
 29220 | D:13     | Reached skill level 10 in Dodging
 29355 | D:13     | Found a runed translucent door.
 29356 | D:13     | Noticed P0WERM0DE's ghost (journeyman CoCK)
 29607 | D:14     | Found a shadowy altar of Dithmenos.
 30122 | D:14     | Found a gate to the Vaults.
 30981 | D:15     | Entered Level 15 of the Dungeon
 32406 | D:15     | Found a staircase to the Depths.
 33292 | Orc:1    | Entered Level 1 of the Orcish Mines
 33879 | Orc:2    | Entered Level 2 of the Orcish Mines
 33907 | Orc:1    | Reached XP level 16. HP: 74/119 MP: 20/20
 33957 | Orc:2    | Found a staircase to the Elven Halls.
 33975 | Orc:2    | Found Targhas's Magic Scroll Shoppe.
 33979 | Orc:2    | Bought a scroll of fear for 52 gold pieces
 33979 | Orc:2    | Bought a scroll of teleportation for 39 gold pieces
 33979 | Orc:2    | Bought a scroll of silence for 123 gold pieces
 33979 | Orc:2    | Bought a scroll of identify for 26 gold pieces
 34106 | Orc:2    | Found Penesk's CLEARANCE SALE!.
 34135 | Orc:2    | Bought a throwing net for 9 gold pieces
 34135 | Orc:2    | Bought a scroll of identify for 6 gold pieces
 34144 | Orc:2    | Noticed Erolcha
 34239 | Orc:2    | Killed Erolcha
 35302 | Orc:2    | Found Bynel's Weapon Emporium.
 35302 | Orc:2    | Found Xatziramp's Distillery.
 35304 | Orc:2    | Found Cinis's Armour Emporium.
 35304 | Orc:2    | Found Loerenlunni's Antique Weapon Boutique.
 35322 | Orc:2    | Reached skill level 5 in Shapeshifting
 35343 | Orc:2    | Bought a potion of invisibility for 112 gold pieces
 35343 | Orc:2    | Bought a potion of curing for 42 gold pieces
 35343 | Orc:2    | Bought 2 potions of haste for 280 gold pieces
 35343 | Orc:2    | Bought a potion of curing for 42 gold pieces
 35343 | Orc:2    | Bought a potion of invisibility for 112 gold pieces
 35343 | Orc:2    | Bought a potion of heal wounds for 70 gold pieces
 35605 | Elf:1    | Entered Level 1 of the Elven Halls
 35605 | Elf:1    | Found a runed translucent gate.
 35605 | Elf:1    | Found a runed translucent gate.
 35605 | Elf:1    | Found a runed translucent gate.
 35605 | Elf:1    | Found a runed translucent gate.
 35605 | Elf:1    | Found a runed translucent gate.
 35605 | Elf:1    | Found a runed translucent gate.
 35606 | Elf:1    | Found a runed translucent door.
 35643 | Elf:1    | Found a runed translucent door.
 35670 | Elf:1    | Identified the ring "Cocaw" {EV+5 Str+3}
 35862 | Elf:1    | Noticed Asterion
 36275 | Elf:2    | Found Giavacvo's Book Shop.
 36606 | Elf:2    | Paralysed by an air elemental for 1 turns
 36685 | Elf:2    | Found a huge runed translucent gate.
 36685 | Elf:2    | Found a huge runed translucent gate.
 36685 | Elf:2    | Found a huge runed translucent gate.
 36685 | Elf:2    | Found a huge runed translucent gate.
 36687 | Elf:2    | Found a huge runed translucent gate.
 37274 | Elf:3    | Entered Level 3 of the Elven Halls
 37300 | Elf:3    | Found Metea's Distillery.
 37509 | Elf:3    | Found Usoothi's Book Boutique.
 37510 | Elf:3    | Found Orphetown's Jewellery Emporium.
 37511 | Elf:3    | Found Atitosocs's Book Boutique.
 37734 | Elf:3    | Bought a Fen Folio for 462 gold pieces
 37740 | Elf:3    | Learned a level 5 spell: Summon Forest
 37742 | Elf:3    | Bought a +6 ring of strength for 648 gold pieces
 37742 | Elf:3    | Bought a ring of protection from fire for 450 gold pieces
 38212 | Elf:3    | Noticed a deep elf blademaster
 38782 | Elf:3    | Killed a deep elf blademaster
 38783 | Elf:3    | Reached skill level 10 in Shapeshifting
 39059 | Elf:3    | Reached skill level 5 in Translocations
 39059 | Elf:3    | Reached XP level 17. HP: 125/125 MP: 22/22
 39274 | Elf:3    | Noticed a deep elf master archer
 39294 | Elf:3    | Killed a deep elf master archer
 40179 | Elf:3    | Identified the +4 halberd "Kecoynk" {pain, rC- Str+7}
 40179 | Elf:3    | Identified the ring of Xeagimn {rN+ Slay+2}
 40214 | Elf:3    | Identified the ring of Yesterday {rCorr MP+9}
 40257 | Elf:3    | Noticed a deep elf master archer
 40275 | Elf:3    | Killed a deep elf master archer
 40699 | Elf:3    | Reached skill level 5 in Spellcasting
 41146 | Elf:3    | Identified the staff "Ivomul" {rC+ Str+3 Int-2 SInv Stlth+
                  | Ice}
 41297 | Elf:3    | Got the Tractate on Red Arcane Combat
 41298 | Elf:3    | Identified the +3 quick blade of the Nexus {flame, rPois
                  | Int+4}
 41310 | Elf:3    | Identified the +3 hand axe of Fegutt Lyll {vamp, rN+
                  | Stlth+}
 42305 | Elf:3    | Found Orphetown's Jewellery Emporium.
 42307 | Elf:3    | Found Atitosocs's Book Boutique.
 42336 | Elf:3    | Found Metea's Distillery.
 42636 | Elf:3    | Bought a potion of heal wounds for 80 gold pieces
 42636 | Elf:3    | Bought a potion of curing for 48 gold pieces
 42716 | Elf:1    | Noticed an Executioner
 42829 | Elf:1    | Killed Asterion
 42981 | Elf:1    | Paralysed by an air elemental for 1 turns
 42982 | Elf:1    | Mangled by a +0 scimitar of protection

Illustrated notes

Levels and vault maps discovered:
D:1:      ldierk_walled_garden_2, layout_loops_cross,
          shapermc_ecumenical_altar_petra
D:2:      layout_rooms, serial_shops, nicolae_shop_hallway_stairs,
          minmay_pentomino_pile
D:3:      layout_basic, serial_glass, glass_columns_a, glass_columns_c,
          due_unseen_surprise
D:4:      layout_cave_pools, serial_column_ruins, column_ruins_hut,
          column_ruins_columns_water, column_ruins_columns_dead_end,
          column_ruins_open_medium, column_ruins_open_tiny,
          column_ruins_columns_straight, uniq_duvessa, uniq_ijyb
D:5:      layout_loops_corners, lightli_sewer_entry_pipes, uniq_pikel,
          uniq_edmund, uniq_grinder
D:6:      minmay_octagon_keep, layout_cave_pools, minmay_temple_entry_trees,
          uniq_maggie, uniq_eustachio, uniq_crazy_yiuf_cottage
D:7:      layout_cave_pools, xom_confusion_cloud, mainiacjoe_overflow_24_doors,
          enter_bailey_2
D:8:      wander_kiku_kobolds, layout_loops_ring, nicolae_overflow_squiral
D:9:      layout_rooms, nzn_wu_jian_contemplation,
          nicolae_qazlal_general_emergency, due_lair_maze_entry_diamond,
          st_stairs_8, grunt_livestock
D:10:     layout_grid_maze, erik_orc_3, serial_shops, shop, uniq_urug
D:11:     layout_loops_ring, serial_rivers, chequers_serial_rivers_micro_d,
          chequers_serial_rivers_small_3, chequers_serial_rivers_room_a,
          chequers_serial_rivers_micro_d
D:12:     layout_big_octagon, minmay_misc_feat_secret_circle, uniq_psyche
D:13:     nooodl_glass_maze, layout_rooms, gammafunk_ghost_grave
D:14:     layout_stronghold, hellmonk_vaults_order_and_chaos,
          nicolae_dithmenos_the_darkroom
D:15:     gammafunk_depths_entry_grave, layout_basic, grunt_decor_resistance
Lair:1:   layout_loops_ring, nicolae_volcano_entry_hallway,
          columned_hall_lemuel, grunt_megastairs_4, serial_bayou_shore_b,
          serial_bayou_shore_b
Lair:2:   wander_river, layout_long_grid, nicolae_shoals_entry_roost,
          minmay_snake_entry_six_corridors, nicolae_lair_run_with_the_wolves
Lair:3:   layout_misc_corridors, kennysheep_rathole
Lair:4:   kb_forest_paths, layout_concentric_octagons,
          nicolae_slime_entry_slimehenge
Lair:5:   minmay_lair_end_enchanted_forest, layout_cave_pods,
          chequers_serial_rivers_room_b, minmay_hedge_maze,
          infiniplex_staircase_pool_2, grunt_megastairs_1
Orc:1:    layout_caves, regret_index_minedec_shroomtown_chain
Orc:2:    grunt_orc_tribal_feast, layout_diamond_mine, serial_shops, shop,
          nicolae_shop_clearance, uniq_erolcha
Elf:1:    nicolae_elf_arrival_dilemma, layout_gridlike, evilmike_minifort,
          onia_ninara_cookie, uniq_asterion
Elf:2:    elven_hall_of_blades_hangedman_alternative [nicolae_blade_lattice],
          layout_geoelf_octagon, serial_shops, nicolae_shop_hallway_plus
Elf:3:    minmay_elf_hall_four_x, layout_geoelf_octagon, serial_shops,
          nicolae_shop_industrial_runoff, laboratory, minmay_shop_grove

Skill      XL: |  1  2  3  4  5  6  7  8  9 10 11 12 13 14 15 16 17 |
---------------+----------------------------------------------------+-----
Fighting       | 1 2 3 6 7 8 10 13 14 | 14.0
Dodging        | 3 4 6 8 9 11 | 11.0
Summonings     | 1 2 3 5 6 8 |  8.6
Ice Magic      | 1 3 5 6 |  6.0
Evocations     | 2 5 |  5.0
Shields        | 4 8 9 10 12 13 14 | 14.0
Maces & Flails | 1 8 13 14 | 14.3
Shapeshifting  | 1 10 | 10.0
Translocations | 4 5 7 |  7.7
Spellcasting   | 6 |  6.4
Throwing       | |  1.0
Stealth        | |  2.6
Air Magic      | |  1.0

Action                     |  1- 3 |  4- 6 |  7- 9 | 10-12 | 13-15 | 16-18 || total
---------------------------+-------+-------+-------+-------+-------+-------++-------
  Melee: Dagger            |    56 |    86 |   184 |   154 |       |       ||   480
         Tentacles         |    16 |    22 |    55 |   241 |   579 |   204 ||  1117
         Constrict         |    16 |    26 |    56 |   129 |   186 |   129 ||   542
         Whip              |    30 |     9 |       |   320 |       |       ||   359
         Unarmed           |       |       |    20 |       |       |       ||    20
         Flail             |       |       |       |   271 |  1633 |   165 ||  2069
         Morningstar       |       |       |       |       |       |   388 ||   388
         Maw               |       |       |       |       |       |   132 ||   132
         Eveningstar       |       |       |       |       |       |    71 ||    71
  Throw: Dart              |       |       |       |    14 |    29 |     2 ||    45
         Throwing net      |       |       |       |     2 |       |       ||     2
   Cast: Slow              |       |     1 |       |       |       |       ||     1
         Call Imp          |       |     2 |    26 |    77 |    71 |    26 ||   202
         Summon Ice Beast  |       |       |    33 |    81 |    67 |    27 ||   208
         Ozocubu's Armour  |       |       |       |     9 |    35 |    16 ||    60
         Blink             |       |       |       |       |     1 |     1 ||     2
         Lesser Beckoning  |       |       |       |       |       |    21 ||    21
  Evoke: Wand              |       |     6 |     3 |    30 |     3 |     3 ||    45
         Phantom mirror    |       |       |       |     1 |       |     1 ||     2
         Tin of tremorston |       |       |       |       |     1 |       ||     1
    Use: Scroll            |       |     6 |     2 |    11 |    10 |    15 ||    44
         Potion            |       |       |     4 |     7 |     1 |    10 ||    22
   Stab: Sleeping          |     9 |     8 |     4 |     5 |    10 |     4 ||    40
         Distracted        |       |     1 |     1 |     6 |    27 |     7 ||    42
         Paralysed         |       |       |     1 |    34 |       |       ||    35
         Held in net/web   |       |       |       |     4 |       |       ||     4
         Invisible         |       |       |       |     2 |       |     2 ||     4
 Armour: Skin              |    26 |    37 |   121 |   359 |   569 |   202 ||  1314
  Dodge: Dodged            |    57 |    48 |   135 |   298 |   622 |   241 ||  1401
  Block: Buckler           |       |       |       |    36 |       |       ||    36
         Kite shield       |       |       |       |   269 |   873 |   278 ||  1420
   Form: Maw               |       |       |       |       |       |     1 ||     1

Table legend: (Time is in decaauts)
 A = Elapsed time spent in this place.
 B = Non-inter-level travel time spent in this place.
 C = Inter-level travel time spent in this place.
 D = Time resting spent in this place.
 E = Time spent auto-exploring this place.
 F = Levels seen in this place.
 G = Mean time per level.
                   A        B        C        D        E       F      G
               +--------+--------+--------+--------+--------+-----+--------+
         Total |  42609 |  40563 |   2046 |  15256 |  15109 |  28 | 1521.8 |
       Dungeon |  20156 |  19052 |   1104 |   6114 |   8526 |  15 | 1343.7 |
          Lair |   9688 |   9234 |    454 |   2763 |   4040 |   5 | 1937.6 |
  Orcish Mines |   2271 |   2185 |     86 |    853 |    800 |   2 | 1135.5 |
   Elven Halls |   7328 |   6927 |    401 |   3714 |   1482 |   3 | 2442.7 |
         Sewer |    609 |    609 |      0 |    150 |    200 |   1 |  609.0 |
        Bailey |   1368 |   1368 |      0 |    771 |     59 |   1 | 1368.0 |
       Volcano |   1186 |   1186 |      0 |    890 |      2 |   1 | 1186.0 |
               +--------+--------+--------+--------+--------+-----+--------+

Top non-repeatable levels by time:
   Elf:3: 5262 daAuts
  Lair:5: 2745 daAuts
     D:5: 2498 daAuts
  Lair:2: 2140 daAuts
    D:15: 2075 daAuts
     D:6: 1912 daAuts
  Lair:4: 1850 daAuts
    D:11: 1758 daAuts
  Lair:1: 1691 daAuts
   Orc:2: 1630 daAuts
   Elf:2: 1623 daAuts
    D:10: 1531 daAuts
    D:14: 1482 daAuts
     D:8: 1469 daAuts
  Bailey: 1368 daAuts
